 Dungeon Crawl Stone Soup version 0.25-a0-97-g19cdb01801 (webtiles) character file.

Game seed: 14858499550518031566, levelgen mode: deterministic

1581670 bmfx the Wrestler (level 27, 261/261 HPs)
             Began as a Minotaur Transmuter on Nov 12, 2019.
             Was the Champion of Qazlal.
             Escaped with the Orb
             ... and 3 runes!
             The game lasted 03:36:10 (88795 turns).

bmfx the Wrestler (Minotaur Transmuter)            Turns: 88795, Time: 03:36:11

Health: 261/261    AC: 41    Str: 28    XL:     27
Magic:  44/44      EV: 32    Int: 19    God:    Qazlal [******]
Gold:   482        SH: 35    Dex: 22    Spells: 15/38 levels left

rFire    . . .     SeeInvis +     - Unarmed
rCold    + + +     Gourm    .   x - +3 large shield "Segrelast" {rC+ MP+9 Str+2}
rNeg     . . .     Faith    +   H - quicksilver dragon scales
rPois    .         Spirit   .   W - +0 hat of Luka {rC+ Str+10 Int+4 Stlth-} (curse)
rElec    +         Reflect  .   I - +2 cloak
rCorr    .         Harm     .   D - +4 pair of gloves of Tomorrow {rC+}
MR       +++..                  p - +2 pair of boots
Stlth    +.........             Z - amulet "Amumarum" {Faith rElec Dex+4 Stlth+}
HPRegen  0.53/turn              V - ring of Lucidity {rC+ Str-3 Int+3 Slay+3 SInv}
MPRegen  0.29/turn              X - ring of Robustness {AC+8}

@: repel missiles
A: retaliatory headbutt, horns 2, blurry vision 1, mutation resistance 1, robust
1, screaming 1, subdued magic 1
0: Orb of Zot
}: 3/15 runes: barnacled, silver, gossamer
a: Upheaval, Elemental Force, Disaster Area, Renounce Religion


You escaped.
You worshipped Qazlal.
Qazlal was exalted by your worship.
You were very full.

You visited 11 branches of the dungeon, and saw 52 of its levels.
You also visited: Trove, Ossuary and Ice Cave.

You collected 8882 gold pieces.
You spent 8400 gold pieces at shops.


Innate Abilities, Weirdness & Mutations

You reflexively headbutt those who attack you in melee.
You have a pair of horns on your head.
Scrolls take you a little longer to read.
You are somewhat resistant to further mutation.
You are robust. (+10% HP)
You occasionally shout uncontrollably at your foes.
Your spells are a little easier to cast, but a little less powerful.

Dungeon Overview and Level Annotations

Branches:
Dungeon (15/15)            Temple (1/1) D:5            Lair (6/6) D:10
 Shoals (4/4) Lair:2       Spider (4/4) Lair:3        Slime (0/5) Lair:5
    Orc (2/2) D:9             Elf (3/3) Orc:2        Vaults (5/5) D:14
  Crypt (2/3) Vaults:2     Depths (5/5) D:15            Zot (5/5) Depths:5
Ossuary (visited)           IceCv (visited)

Altars:
Elyvilon
Hepliaklqana
Kikubaaqudgha
Makhleb
Nemelex Xobeh
Okawaru
Qazlal
Ru
Trog
Uskayaw
Xom
Yredelemnul
Zin
The Shining One
Beogh
Jiyva

Shops:
D:4 *   D:7 ?   D:12 (   Orc:1 [   Orc:2 :*[([   Elf:1 (   Elf:2 !!   Elf:3 *
Shoals:4 *   Vaults:1 %   Vaults:2 ?**   Vaults:4 ![%*(   Vaults:5 =
Depths:2 ?   Depths:4 =}=!   Depths:5 !([(

Portals:
Hell: Depths:1 Depths:2 Depths:3 Depths:4 Depths:5
Abyss: Depths:1 Depths:3 Depths:4 Depths:5
Pandemonium: Depths:3 Depths:4
Ziggurat: Depths:5

Annotations:
Lair:4 exclusion: oklob plant
Spider:1 Roxanne
Elf:2 5 runed translucent doors
Vaults:1 3 runed translucent doors
Depths:4 1 transporter


   Skills:
 - Level 18.0 Fighting
 - Level 24.0 Armour
 - Level 24.0 Dodging
 + Level 18.8 Shields
 - Level 24.0 Unarmed Combat
 - Level 6.0 Spellcasting
 - Level 4.8 Summonings
 - Level 12.0 Transmutations
 - Level 4.8 Air Magic
 - Level 3.4 Earth Magic
 - Level 18.0 Invocations
 - Level 8.0 Evocations


You had 15 spell levels left.
You knew the following spells:

 Your Spells              Type           Power        Failure   Level  Hunger
b - Blink                 Tloc           N/A          36%         2    None
A - Beastly Appendage     Tmut           #####.       1%          1    None
B - Sticks to Snakes      Tmut           #####...     1%          2    None
C - Spider Form           Tmut/Pois      ###.......   6%          3    ##.....
D - Blade Hands           Tmut           #####.....   4%          5    #####..
E - Statue Form           Tmut/Erth      ####.....    87%         6    #######
F - Summon Lightning Spi  Summ/Air       ###.....     34%         4    ####...

Your spell library contained the following spells:

 Spells                   Type           Power        Failure   Level  Hunger
 Summon Small Mammal      Summ           ###.         3%          1    None
 Call Imp                 Summ           ###.....     4%          2    None
 Shock                    Conj/Air       ##..         9%          1    None
 Call Canine Familiar     Summ           ###.....     10%         3    ##.....
 Petrify                  Tmut/Erth      ####....     11%         4    ####...
 Poisonous Vapours        Pois/Air       ##....       14%         2    None
 Swiftness                Chrm/Air       ##......     14%         2    None
 Ignite Poison            Fire/Tmut/Pois ###.....     14%         3    ##.....
 Ice Form                 Ice/Tmut       ###.....     22%         4    ####...
 Confusing Touch          Hex            #.....       26%         1    None
 Corona                   Hex            #......      26%         1    None
 Flame Tongue             Conj/Fire      #....        26%         1    None
 Magic Dart               Conj           #...         26%         1    None
 Sting                    Conj/Pois      #...         26%         1    None
 Recall                   Summ/Tloc      N/A          28%         3    ##.....
 Static Discharge         Conj/Air       ##......     28%         3    ##.....
 Summon Guardian Golem    Hex/Summ       ##......     28%         3    ##.....
 Hydra Form               Tmut           #####.....   28%         6    #######
 Airstrike                Air            ###.......   34%         4    ####...
 Corpse Rot               Necr           N/A          36%         2    None
 Ensorcelled Hibernation  Hex/Ice        #.....       36%         2    None
 Searing Ray              Conj           #.....       36%         2    None
 Shroud of Golubria       Chrm/Tloc      #.....       36%         2    None
 Slow                     Hex            #.......     36%         2    None
 Throw Flame              Conj/Fire      #.....       36%         2    None
 Throw Frost              Conj/Ice       #.....       36%         2    None
 Stone Arrow              Conj/Erth      #.....       36%         3    ##.....
 Mephitic Cloud           Conj/Pois/Air  #.......     38%         3    ##.....
 Irradiate                Conj/Tmut      ###.......   52%         5    #####..
 Yara's Violent Unravell  Hex/Tmut       ###.......   52%         5    #####..
 Confuse                  Hex            #.......     61%         3    ##.....
 Conjure Flame            Conj/Fire      #.......     61%         3    ##.....
 Dazzling Spray           Conj/Hex       #.....       61%         3    ##.....
 Gell's Gravitas          Tloc           #.........   61%         3    ##.....
 Inner Flame              Hex/Fire       #.......     61%         3    ##.....
 Lesser Beckoning         Tloc           #.........   61%         3    ##.....
 Portal Projectile        Hex/Tloc       #.....       61%         3    ##.....
 Teleport Other           Tloc           #.......     61%         3    ##.....
 Tukima's Dance           Hex            #.......     61%         3    ##.....
 Summon Ice Beast         Ice/Summ       ##......     69%         4    ####...
 Leda's Liquefaction      Hex/Erth       #.........   80%         4    ####...
 Dragon Form              Tmut           #####.....   86%         7    #######
 Animate Dead             Necr           N/A          95%         4    ####...
 Cause Fear               Hex            #.........   95%         4    ####...
 Force Lance              Conj/Tloc      #.......     95%         4    ####...
 Fulminant Prism          Conj/Hex       #.........   95%         4    ####...
 Iskenderun's Mystic Bla  Conj           #.......     95%         4    ####...
 Olgreb's Toxic Radiance  Pois           #.......     95%         4    ####...
 Sticky Flame             Conj/Fire      #.......     95%         4    ####...
 Lightning Bolt           Conj/Air       ##........   96%         5    #####..
 Silence                  Hex/Air        ##........   96%         5    #####..
 Summon Forest            Summ/Tloc      ##........   96%         5    #####..
 Borgnjor's Vile Clutch   Necr/Erth      #.........   98%         5    #####..
 Bolt of Magma            Conj/Fire/Erth #.........   99%         5    #####..
 Fireball                 Conj/Fire      #.........   100%        5    #####..
 Iskenderun's Battlesphe  Conj/Chrm      #.......     100%        5    #####..
 Metabolic Englaciation   Hex/Ice        #.........   100%        5    #####..
 Venom Bolt               Conj/Pois      #.........   100%        5    #####..
 Bolt of Cold             Conj/Ice       #.........   100%        6    #######
 Bolt of Fire             Conj/Fire      #.........   100%        6    #######
 Death Channel            Necr           #.........   100%        6    #######
 Deflect Missiles         Chrm/Air       ##........   100%        6    #######
 Freezing Cloud           Conj/Ice/Air   #.........   100%        6    #######
 Iron Shot                Conj/Erth      #.........   100%        6    #######
 Ozocubu's Refrigeration  Ice            #.........   100%        6    #######
 Simulacrum               Ice/Necr       #.........   100%        6    #######
 Haunt                    Necr/Summ      ##........   100%        7    #######
 Ring of Flames           Chrm/Fire      #.........   100%        7    #######
 Summon Hydra             Summ           ###.......   100%        7    #######
 Borgnjor's Revivificati  Necr           #.........   100%        8    #######
 Death's Door             Chrm/Necr      #.........   100%        8    #######
 Discord                  Hex            #.........   100%        8    #######
 Ignition                 Fire           #.........   100%        8    #######
 Infestation              Necr           #.........   100%        8    #######
 Necromutation            Tmut/Necr      ###.......   100%        8    #######
 Dragon's Call            Summ           ###.......   100%        9    #######
 Shatter                  Erth           ##........   100%        9    #######
 Passage of Golubria      Tloc           Unusable     N/A         4    N/A

Action                   |  1- 3 |  4- 6 |  7- 9 | 10-12 | 13-15 | 16-18 | 19-21 | 22-24 | 25-27 || total
-------------------------+-------+-------+-------+-------+-------+-------+-------+-------+-------++-------
Melee: Unarmed           |    89 |   220 |   352 |   691 |  1474 |  1279 |  1986 |  1987 |  1740 ||  9818
       Headbutt          |    14 |    51 |    44 |   165 |   370 |   440 |   684 |   763 |   634 ||  3165
       Kick              |    10 |    32 |    38 |    23 |    11 |       |       |       |       ||   114
       Punch             |       |     5 |     3 |    42 |    91 |       |       |       |       ||   141
Throw: Dart              |     5 |    42 |    44 |    55 |     2 |       |       |       |       ||   148
       Stone             |       |     3 |    23 |     1 |       |       |       |       |       ||    27
       Javelin           |       |     3 |    17 |    25 |    10 |       |       |       |       ||    55
 Cast: Beastly Appendage |    12 |    21 |    27 |     6 |     2 |       |       |       |       ||    68
       Sticks to Snakes  |     1 |    17 |     4 |    11 |       |       |       |       |       ||    33
       Spider Form       |       |       |    17 |       |       |       |       |       |       ||    17
       Blade Hands       |       |       |       |       |    16 |     1 |       |       |       ||    17
Invok: Elemental Force   |       |       |       |     4 |     5 |     2 |     1 |     3 |     2 ||    17
       Disaster Area     |       |       |       |       |     2 |     5 |       |     2 |     4 ||    13
       Upheaval          |       |       |       |       |     3 |    28 |     1 |     2 |    12 ||    46
 Abil: Evoke Blink       |       |       |       |       |       |       |       |       |     4 ||     4
Evoke: Wand              |       |       |    13 |     7 |    33 |    35 |     3 |    25 |    17 ||   133
       Lamp of fire      |       |       |       |       |     2 |     2 |     2 |     2 |     4 ||    12
       Phial of floods   |       |       |       |       |       |     2 |     1 |       |       ||     3
       Lightning rod     |       |       |       |       |       |       |       |     4 |       ||     4
       Fan of gales      |       |       |       |       |       |       |       |     1 |       ||     1
  Use: Scroll            |     1 |    12 |     8 |    11 |     9 |     7 |     2 |    22 |    22 ||    94
       Potion            |       |       |     2 |     2 |     6 |     8 |     9 |    14 |    24 ||    65
 Stab: Distracted        |       |     2 |       |       |       |       |       |     2 |     2 ||     6
       Sleeping          |       |       |     3 |       |       |       |       |       |       ||     3
       Invisible         |       |       |     3 |       |     8 |       |     5 |       |       ||    16
       Paralysed         |       |       |       |       |     7 |       |       |       |     1 ||     8
  Eat: Chunk             |     3 |     8 |    16 |    22 |    49 |    24 |    27 |    16 |    13 ||   178
       Ration            |       |     2 |     1 |     4 |     6 |     6 |     3 |     7 |    12 ||    41
Armor: Robe              |    16 |    39 |    20 |       |       |       |       |       |       ||    75
       Quicksilver drago |       |       |    70 |   175 |   311 |   324 |   171 |   267 |   244 ||  1562
       Skin              |       |       |     2 |       |       |       |       |       |       ||     2
Dodge: Dodged            |    55 |    76 |   232 |   393 |   790 |   538 |   463 |   623 |   516 ||  3686
       Deflected         |       |       |       |       |    24 |    31 |    48 |    32 |    37 ||   172
Block: Other             |       |       |     6 |   120 |   377 |     1 |       |       |       ||   504
       Reflection        |       |       |       |       |    27 |       |       |       |       ||    27
       Large shield      |       |       |       |       |   348 |  2117 |  2036 |  2119 |  1624 ||  8244

Skill      XL: |  1  2  3  4  5  6  7  8  9 10 11 12 13 14 15 16 17 18 19 20 21 22 23 24 25 26 27 |
---------------+----------------------------------------------------------------------------------+-----
Fighting       | 2 3 4 5 6 9 12 13 15 18 | 18.0
Transmutations | 2 3 4 7 8 9 11 12 | 12.0
Unarmed Combat | 4 5 7 9 10 11 12 13 15 18 21 24 | 24.0
Spellcasting   | 2 3 6 |  6.0
Dodging        | 4 6 9 12 15 18 24 | 24.0
Invocations    | 3 6 8 9 12 15 16 18 | 18.0
Evocations     | 3 7 8 |  8.0
Shields        | 9 15 18 | 18.8
Summonings     | 4 |  4.8
Air Magic      | 4 |  4.8
Armour         | 7 16 18 19 24 | 24.0
Earth Magic    | 3 |  3.4

Inventory:

Missiles
 f - 15 throwing nets {!f}
 g - 34 javelins (quivered)
Armour
 p - a +2 pair of boots (worn)
 x - the +3 large shield "Segrelast" (worn) {rC+ MP+9 Str+2}
   (You bought it in a shop on level 2 of the Orcish Mines)

   It affects your strength (+2).
   It protects you from cold.
   It affects your magic capacity (+9).
 D - the +4 pair of gloves of Tomorrow (worn) {rC+}
   (You bought it in a shop on level 1 of the Orcish Mines)

   It protects you from cold.
 H - quicksilver dragon scales (worn)
 I - a +2 cloak (worn)
 L - the +5 plate armour of Koarojeph {rN+ Regen+ Dex+4}
   (You found it on level 4 of the Vaults)

   It affects your dexterity (+4).
   It protects you from negative energy.
   It increases your rate of regeneration.
 W - the cursed +0 hat of Luka (worn) {rC+ Str+10 Int+4 Stlth-}
   (You bought it in a shop on level 2 of the Orcish Mines)

   It affects your strength (+10).
   It affects your intelligence (+4).
   It protects you from cold.
   It makes you less stealthy.
   It has a curse placed upon it.
Jewellery
 i - the ring of Qiycrin {+Blink rElec rPois rF++ rC-}
   (You found it on level 2 of the Depths)

   [ring of poison resistance]

   It greatly protects you from fire.
   It makes you vulnerable to cold.
   It insulates you from electricity.
   It protects you from poison.
   It lets you blink.
 j - an uncursed ring of positive energy
 O - an uncursed ring of resist corrosion
 P - an uncursed ring of flight
 V - the ring of Lucidity (left hand) {rC+ Str-3 Int+3 Slay+3 SInv}
   (You bought it in a shop on level 5 of the Vaults)

   [ring of intelligence]

   It affects your strength (-3).
   It affects your intelligence (+3).
   It affects your accuracy and damage with ranged weapons and melee attacks
   (+3).
   It protects you from cold.
   It lets you see invisible.
 X - the ring of Robustness (right hand) {AC+8}
   (You took it off a merfolk on level 4 of the Shoals)

   [ring of protection]

   It affects your AC (+8).
 Z - the amulet "Amumarum" (around neck) {Faith rElec Dex+4 Stlth+}
   (You found it in an ice cave)

   [amulet of faith]

   It allows you to gain divine favour quickly.
   It affects your dexterity (+4).
   It insulates you from electricity.
   It makes you more stealthy.
Wands
 k - a wand of acid (7)
 l - a wand of clouds (11)
 C - a wand of scattershot (10)
 F - a wand of enslavement (9)
 G - a wand of iceblast (15)
 R - a wand of digging (16)
 S - a wand of disintegration (6)
 T - a wand of paralysis (8)
Scrolls
 c - 6 scrolls of teleportation {@r1}
 h - 2 scrolls of summoning
 n - 9 scrolls of fog
 o - 5 scrolls of fear
 v - 3 scrolls of blinking {@r2}
 y - 2 scrolls of holy word
 B - 26 scrolls of remove curse {@r4}
 K - 4 scrolls of silence
 U - 15 scrolls of identify {@r3}
Potions
 b - 9 potions of flight
 m - 8 potions of heal wounds {@q1}
 q - 11 potions of brilliance
 s - 6 potions of ambrosia
 t - 12 potions of agility
 u - 5 potions of berserk rage
 w - 2 potions of magic
 z - 4 potions of haste {@q4}
 A - 10 potions of mutation
 E - 4 potions of cancellation
 J - 12 potions of curing {@q2}
 M - 2 potions of resistance
 Q - 2 potions of might
Miscellaneous
 a - a phial of floods
 e - a fan of gales
 r - a lightning rod (4/4)
 N - a box of beasts
 Y - a lamp of fire
Comestibles
 d - 56 rations

###.....########.########....#.##
#....## ###.......### ##...#.#.
##..## ##...........## ##..#.#.
#..# ##....≈≈≈≈≈....## #..#.#.
#..# #...≈≈≈≈≈≈≈≈≈...# #..#.#.
#.####..≈≈.......≈≈..####.#.#.
#.# #...≈..##'##..≈...# #.#.#.
#.# #..≈≈.##...##.≈≈..# #.#.#.
#.# #..≈≈.##.@○##.≈≈..# #.#.#.
#.# #..≈≈.##...##.≈≈..# #.#.#. #
#.# #...≈..#####..≈...# #.#.#. #
#.####..≈≈.......≈≈..####.#.#. #
#..# #...≈≈≈≈.≈≈≈≈...# #....## #
#..# ##....≈≈.≈≈....## #......
####..## ##...........## ##..####
.......## ###.......### ##...#
###.....#################....#


There were no monsters in sight!

Vanquished Creatures
  5 orbs of fire
  Mara (Vaults:3)
  12 ancient liches
  A juggernaut (Depths:5)
  Sojobo (Vaults:3)
  Bai Suzhen (Vaults:5)
  The ghost of Kiusil the Acrobat, a veteran MfSk of Okawaru (Depths:3)
  3 Killer Klowns
  A pandemonium lord (Zot:1)
  Margery (Vaults:4)
  Frederick (Vaults:3)
  4 curse toes
  A profane servitor (Zot:3)
  12 golden dragons
  Arachne (Spider:4)
  2 bone dragons (Depths:5)
  3 electric golems
  Jorgrun (D:15)
  2 liches
  21 tentacled monstrosities
  A Hell Sentinel (D:9)
  25 Orb Guardians
  3 titans
  2 deep elf master archers
  12 death cobs
  4 deep elf blademasters
  9 quicksilver dragons
  Gastronok (Lair:3)
  6 sphinxes
  5 draconian monks
  Kirke (Lair:2)
  Agnes (Spider:1)
  14 shadow dragons
  16 storm dragons
  Donald (Lair:2)
  10 tengu reavers
  4 fire giants (Vaults:5)
  16 vault wardens
  2 orc warlords (Orc:1)
  3 iron dragons
  6 deep elf sorcerers
  7 draconian scorchers
  9 frost giants
  4 draconian knights
  7 ghost moths
  A curse skull (Crypt:1)
  A cacodemon (D:14)
  5 ghouls (Crypt:1)
  8 emperor scorpions
  A spriggan defender (Depths:2)
  9 draconian stormcallers
  8 ironheart preservers
  A war gargoyle (Vaults:5)
  5 draconian shifters
  15 very ugly things
  4 draconian annihilators
  A deep elf elementalist (Elf:2)
  A juggernaut skeleton (Crypt:1)
  4 vampire knights (Crypt:1)
  3 entropy weavers
  Nessos (D:14)
  23 stone giants
  5 deep elf demonologists
  8 black draconians
  Azrael (Elf:1)
  19 green draconians
  A dire elephant (Lair:4)
  8 deep elf annihilators (Elf:3)
  21 purple draconians
  17 red draconians
  5 spark wasps
  10 white draconians
  18 yellow draconians
  4 merfolk javelineers
  8 deep elf death magi
  2 eidola (Crypt:1)
  12 ettins
  A blizzard demon (Depths:4)
  9 fire dragons
  18 yaktaur captains
  19 merfolk impalers
  10 great orbs of eyes
  3 deep elf high priests
  37 vault guards
  10 ice dragons
  The ghost of Gejolu the Thaumaturge, a journeyman GnSk of Okawaru (D:12)
  6 rakshasas
  11 centaur warriors
  An alligator snapping turtle (Shoals:3)
  An anaconda (shapeshifter) (Depths:5)
  9 hydras
  3 catoblepae (Lair:6)
  4 merfolk aquamancers
  A two-headed ogre (shapeshifter) (Depths:4)
  2 merfolk avatars
  10 ogre magi
  5 death knights
  4 tengu warriors
  38 two-headed ogres
  3 satyrs
  2 vampire magi (Crypt:1)
  5 deep troll shamans
  The ghost of soark the Cleaver, a novice DsFi (D:8)
  16 death yaks
  5 orc high priests
  20 dancing weapons
  A sun demon (Depths:4)
  4 spriggan berserkers
  6 deep troll earth magi
  19 deep elf knights
  2 soul eaters (Depths:4)
  4 iron trolls
  A salamander mystic (Depths:2)
  A sixfirhy (D:6)
  6 hell knights
  2 skeletal warriors
  5 large abominations
  30 deep trolls
  2 shadow demons
  2 flayed ghosts
  9 sea snakes
  4 glowing orange brains
  6 unseen horrors
  2 wizards
  An orange crystal statue (Zot:5)
  A kraken simulacrum (Shoals:4)
  11 phantasmal warriors
  6 necromancers
  15 deep elf archers
  6 ironbrand convokers
  28 harpies
  17 orc knights
  A tengu zombie (Vaults:4)
  24 wolf spiders
  A cyclops (shapeshifter) (Vaults:4)
  A frost giant zombie (Vaults:2)
  53 deep elf magi
  2 mana vipers (shapeshifter)
  17 orb spiders
  18 manticores
  34 ugly things
  8 orc sorcerers
  A stone giant zombie (Vaults:2)
  A human zombie (Vaults:2)
  3 salamanders (Depths:2)
  12 elephants
  26 moths of wrath
  13 merfolk sirens
  23 vault sentinels
  Joseph (D:8)
  15 fauns
  2 black mambas
  10 cyclopes
  2 ice statues (IceCv)
  A rust devil (Depths:1)
  8 water nymphs
  An eye of devastation (Depths:4)
  4 gargoyles
  3 torpor snails
  3 orange demons (D:14)
  3 rime drakes
  A yaktaur zombie (Vaults:4)
  18 demonic crawlers
  13 spiny frogs
  A tormentor (D:4)
  A redback zombie (D:15)
  An efreet (D:13)
  6 freezing wraiths
  2 yaktaur skeletons (Vaults:2)
  41 yaktaurs
  3 komodo dragons
  A catoblepas skeleton (Crypt:1)
  A jumping spider (shapeshifter) (Vaults:5)
  45 jumping spiders
  A queen bee (D:8)
  4 red devils
  3 tengu conjurers
  A polar bear (Lair:5)
  2 wind drakes
  A queen bee (shapeshifter) (Vaults:3)
  3 trolls
  A blink frog (shapeshifter) (Vaults:4)
  3 hornets
  26 merfolk
  A tengu simulacrum (Vaults:2)
  2 bog bodies (Crypt:1)
  13 blink frogs
  9 hippogriffs
  A dream sheep (Vaults:1)
  31 slime creatures
  9 snapping turtles
  An air elemental (Elf:3)
  65 redbacks
  10 small abominations
  A spriggan (Lair:5)
  A spriggan (shapeshifter) (Elf:2)
  30 tarantellas
  16 water elementals
  4 wyverns
  A ynoxinul (D:6)
  2 shadows (Crypt:1)
  13 wraiths
  A wyvern (shapeshifter) (Depths:4)
  A hog (Shoals:1)
  15 humans
  A hog (shapeshifter) (Vaults:1)
  4 fire bats (Depths:2)
  55 yaks
  8 fire elementals
  4 basilisks
  3 hungry ghosts
  5 vampire mosquitoes
  5 chaos spawn
  A neqoxec (Zot:5)
  A human simulacrum (Vaults:3)
  6 wargs
  A deep troll zombie (Vaults:2)
  A gelid demonspawn skeleton (Crypt:1)
  14 water moccasins
  2 hell hounds (Elf:1)
  6 porcupines
  A water moccasin (shapeshifter) (Vaults:5)
  2 floating eyes
  2 phantoms
  64 orc warriors
  An ettin simulacrum (Vaults:1)
  30 ice beasts
  A sky beast (D:13)
  31 ogres
  2 black bears (D:11)
  2 necrophages
  10 wolves
  11 boggarts
  An orc skeleton (Vaults:2)
  21 centaurs
  11 crocodiles
  A big kobold (D:9)
  22 bullfrogs
  A gnoll sergeant (D:9)
  4 human skeletons
  4 earth elementals
  2 wyvern zombies
  A wyvern skeleton (D:10)
  5 scorpions
  21 killer bees
  5 howler monkeys
  6 electric eels
  14 crimson imps
  A quasit (D:9)
  9 bullfrog zombies
  7 centaur zombies
  An iron imp (Depths:4)
  11 jellies
  12 hounds
  2 bullfrog skeletons
  47 orc priests
  3 centaur skeletons
  A black bear skeleton (Crypt:1)
  7 iguanas
  Ijyb (D:3)
  Terence (D:2)
  54 orc wizards
  15 worker ants
  4 hell rats
  2 killer bee zombies
  A dwarf skeleton (Crypt:1)
  A hound zombie (Ossuary)
  A hound skeleton (D:11)
  13 mummies (Ossuary)
  A worker ant zombie (Ossuary)
  A howler monkey zombie (Ossuary)
  15 gnolls
  A swamp drake zombie (Crypt:1)
  13 adders
  2 shadow imps
  A steam dragon skeleton (Crypt:1)
  A white imp (Depths:4)
  4 adder zombies
  4 worms
  3 dart slugs
  6 leopard geckos
  149 orcs
  9 bats
  15 giant cockroaches
  4 goblins
  9 hobgoblins
  5 jackals
  5 quokkas
  2 ball pythons
  5 frilled lizards
  A goblin zombie (D:4)
  A jackal skeleton (D:4)
  16 kobolds
  4 leopard gecko zombies
  4 quokka zombies
  12 rats
  2 river rat zombies (Crypt:1)
  2 butterflies (Lair:4)
  2 crawling corpses (Vaults:5)
  3 plants
  A tentacle (Shoals:4)
2507 creatures vanquished.

Vanquished Creatures (collateral kills)
  An ancient lich (Zot:5)
  Nikola (Shoals:1)
  Rupert (D:14)
  An Orb Guardian (Zot:5)
  A draconian monk (Zot:4)
  A storm dragon (Zot:4)
  Louise (Elf:1)
  A stone giant (Depths:5)
  A red draconian (Zot:4)
  A hydra (Lair:1)
  An alligator snapping turtle (Shoals:2)
  A deep elf mage (D:14)
  2 manticores
  3 elephants (Lair:5)
  A wolf spider (Spider:3)
  2 komodo dragons
  A wind drake (Shoals:2)
  A blink frog (D:10)
  A redback (Spider:2)
  3 tarantellas (Spider:3)
  A human (D:14)
  Grum (D:11)
  A hell hound (Elf:1)
  3 centaurs (D:11)
  2 orc priests
  2 orcs (D:11)
36 creatures vanquished.

Vanquished Creatures (others)
  A very ugly thing (Vaults:5)
  A two-headed ogre (D:12)
  A tengu warrior (D:12)
  A shadow wraith (Vaults:3)
  An unseen horror (D:11)
  2 orc knights
  2 wolf spiders (Spider:3)
  A harpy (Shoals:4)
  A deep elf mage (Elf:3)
  A cyclops (D:12)
  A manticore (D:14)
  A vault sentinel (Vaults:5)
  An air elemental (Elf:1)
  A tarantella (Spider:3)
  A water elemental (Elf:3)
  A human (Shoals:1)
  An orc warrior (Vaults:5)
  A boggart (Vaults:1)
  2 wolves (D:11)
  A small abomination (Zot:1)
  A shadow imp (Depths:4)
  An orc (Orc:2)
  87 fungi
  39 plants
  3 tentacles (Shoals:4)
  2 withered plants (Ossuary)
156 creatures vanquished.

Grand Total: 2699 creatures vanquished

Levels and vault maps discovered:
D:1:      dpeg_arrival_concentric_ovals, layout_basic
D:2:      layout_rooms, uniq_terence
D:3:      minmay_roachtagon, layout_basic, minmay_pentomino_pile, uniq_ijyb
D:4:      minmay_diamond_boxcup, layout_gridville, enter_ossuary_4,
          first_ration, serial_shops, nicolae_shop_trees
D:5:      layout_rooms, eat_drink_and_be_merry_uskayaw, temple_doors_e
D:6:      layout_basic, grunt_qazlal_sundering
D:7:      layout_cave_pools, serial_shops, kennysheep_mini_moat
D:8:      layout_basic, gammafunk_ghost_spectres, basic_altar, david_nohive_1,
          jiyva_altar_1, uniq_joseph
D:9:      layout_stronghold, erik_orc_2, nemelex_altar_shiori
D:10:     layout_cave_pools, lair_entry_dummy
D:11:     layout_stronghold, serial_glass, glass_columns_a, glass_columns_b,
          gauntlet_entry_generic, uniq_grum
D:12:     minmay_clustersquares, layout_basic, serial_shops, shop_coins,
          gammafunk_ghost_wrathful_warriors
D:13:     layout_long_grid, portal_ice_cave_entry_ice_beasts
D:14:     layout_cave_pools, david_vaults_3, basic_altar,
          hangedman_decor_growths, grunt_ministairs_10, minmay_misc_feat_iff,
          kennysheep_decorative_pillar, minmay_beelzebubs_servants, uniq_nessos
D:15:     hangedman_depths_entry_civil_slaughter, layout_long_grid,
          minmay_misc_feat_more_columns, drop_trap, uniq_jorgrun
Temple:   minmay_crystal_snake_temple
Lair:1:   layout_concentric_octagons, chequers_serial_rivers_micro_b
Lair:2:   layout_hall_layers, minmay_shoals_entry_beasts
Lair:3:   layout_chaotic_city, dummy_spider_entry, uniq_gastronok, uniq_rupert
Lair:4:   layout_regular_city, basic_altar, lemuel_oklob_altar,
          lemuel_fruit_fields, serial_bayou_shore_b, grunt_megastairs_4,
          lemuel_fruit_fields
Lair:5:   mu_elephants_graveyard, layout_big_grid, slime_altar_1
Lair:6:   evilmike_catoblepas_cave, layout_misc_corridors
Shoals:1: layout_shoals, uniq_nikola, uniq_donald, uniq_kirke
Shoals:2: layout_shoals, lemuel_altar_in_water
Shoals:3: layout_shoals, nicolae_shoals_square_sea_wall
Shoals:4: shoals_end_grunt_ice, layout_shoals, nicolae_alphabet_shops
Spider:1: layout_spider_delve, uniq_agnes, uniq_roxanne
Spider:2: layout_spider_delve, guppyfry_spider_mini_1
Spider:3: layout_spider_delve, nicolae_spider_shape
Spider:4: grunt_spider_rune_circles, drop_trap, uniq_arachne
Orc:1:    layout_diamond_mine, serial_shops, shop
Orc:2:    st_orc_congregation, layout_caves, serial_shops, shop,
          lightli_church_of_beogh
Elf:1:    layout_loops_corners, serial_shops, nicolae_shop_trees,
          evilmike_minifort, eino_tiny_chamber, uniq_louise, uniq_azrael
Elf:2:    layout_geoelf_diagonals, serial_shops, nicolae_shop_behind_doors,
          shop, roderic_lattice_octagonal_star
Elf:3:    minmay_elf_hall_circle, layout_geoelf_diagonals, serial_shops,
          nicolae_shop_crystal
Vaults:1: ploomutoo_gammafunk_vaults_ghost_potion_laboratory, v_misc_33,
          nicolae_vaults_circle_grid_b, grunt_vaults_swirl, v_rooms_3,
          nicolae_vaults_ring_of_whatevers, nicolae_vaults_sealed_display,
          ontoclasm_vaults_fault, ontoclasm_vaults_loading_screen,
          layout_vaults_chaotic_city, serial_shops, shop, basic_altar
Vaults:2: vaults_room_grunt_arrival_checkpoint, hangedman_vaults_capsules,
          grunt_vaults_funnel, vaults_room_glass_cross, v_misc_28,
          nicolae_vaults_little_squares_1, vaults_dpeg_hooks,
          hangedman_vaults_restitches, hangedman_vaults_corner_blocks,
          minmay_crypt_entry_necro_gods, nicolae_vaults_alarming,
          layout_vaults_ring, serial_shops, shop, nicolae_shop_trees, shop
Vaults:3: nicolae_vaults_circle_grid_b, vaults_room_corners, v_misc_26,
          v_misc_26, ontoclasm_vaults_bender, grunt_vaults_bifocal,
          nicolae_vaults_rhombus_6, nicolae_vaults_fighting_squares,
          nicolae_vaults_rhombus_7, vaults_dpeg_cross, v_misc_17, v_misc_27,
          hangedman_vaults_slice, nicolae_vaults_yaktaur_gun_rack,
          layout_vaults_omnigrid, uniq_mara, uniq_frederick, uniq_sojobo
Vaults:4: v_rooms_2, v_pattern_2, nicolae_vaults_inception_statues,
          v_alt_pattern_3, v_misc_14, v_misc_1, grunt_vaults_trifunnel,
          v_alt_pattern_2, v_misc_17, vaults_room_semicircle, serial_ice_g,
          hangedman_vaults_hat, layout_vaults_omnibox, serial_shops,
          nicolae_shop_temple_entry_statues_fountains, shop_fountains,
          nicolae_shop_stone, nicolae_shop_waterfront, shop
Vaults:5: uniq_margery, uniq_bai_suzhen
Crypt:1:  layout_rooms, minmay_misc_feat_cross
Crypt:2:  layout_regular_city
Depths:1: layout_cave_pools, hell_entry, nicolae_trove_entry_diagonal,
          abyss_entry_small_statue_room, chequers_serial_rivers_room_b,
          minmay_guarded_unrand_wrath_of_trog
Depths:2: minmay_gate_of_8, layout_cave_pools, pf_coc_iceberg, serial_shops,
          shop, kennysheep_diamond, tso_altar
Depths:3: hourglass_vault, layout_basic, pan_entry, hell_entry,
          minmay_misc_feat_tower, gammafunk_ghost_grave, minmay_room_of_horrors,
          st_stairs_10
Depths:4: emtedronai_trogs_sanctum, layout_gridville, serial_shops,
          nicolae_shop_behind_doors, abyss_entry_crystal,
          grunt_pan_entry_zigzag, minmay_misc_feat_diagonals,
          pf_dread_powers_of_hell, grunt_ministairs_7,
          infiniplex_staircase_pool_2, minmay_shop_grove
Depths:5: grunt_zot_entry_funnels, layout_cross, enter_ziggurat_d, abyss_entry,
          hangedman_abyss_or_decor_stabs, hell_entry, minmay_shoptagon
Zot:1:    layout_twisted_circle
Zot:2:    layout_misc_corridors, grunt_ministairs_4
Zot:3:    layout_basic, zot_minivault_1
Zot:4:    kennysheep_blocky_room, layout_basic
Zot:5:    layout_onion, grunt_ministairs_1


Message History

(Z) Zot
Where to? (Enter - D:1 @ (x,y), ? - help)
A lorocyproca is nearby!
There is a stone staircase leading up here.
You climb upwards.
There is a stone staircase leading down here.
(D) Dungeon (T) Temple (L) Lair (A) Shoals (N) Spider Nest (M) Slime Pits (O) Orcish Mines (E) Elven Halls (V) Vaults (C) Crypt (U) Depths (H) Hell (Z) Zot
Where to? (Enter - D:1 @ (x,y), ? - help)
There is an escape hatch in the ceiling here.
A mysterious force pulls you upwards. The hatch slams shut behind you.
There is an open door here.
You see here a +0 antimagic dagger.
You enter the shallow water.
Moving in this stuff is going to be slow.
There is an open door here.
There is a staircase leading out of the dungeon here.
You have escaped!

Notes
Turn   | Place    | Note
-------+----------+-------------------------------------------
     0 | D:1      | bmfx the Minotaur Transmuter began the quest for the Orb.
     0 | D:1      | Reached XP level 1. HP: 16/16 MP: 1/1
   259 | D:1      | Reached XP level 2. HP: 24/24 MP: 0/3
   263 | D:1      | Learned a level 2 spell: Sticks to Snakes
  1030 | D:1      | Reached XP level 3. HP: 26/29 MP: 2/4
  1268 | D:2      | Noticed a scorpion
  1573 | D:2      | Killed a scorpion
  1573 | D:2      | Reached XP level 4. HP: 38/38 MP: 5/5
  2374 | D:2      | Noticed Terence
  2489 | D:2      | Killed Terence
  2489 | D:2      | Reached XP level 5. HP: 42/45 MP: 4/6
  2728 | D:1      | Learned a level 3 spell: Spider Form
  3485 | D:3      | Noticed Ijyb
  3595 | D:3      | Reached skill level 5 in Unarmed Combat
  3700 | D:3      | Killed Ijyb
  4176 | D:3      | Reached XP level 6. HP: 46/52 MP: 7/7
  4598 | D:4      | Found a sand-covered staircase.
  4609 | Ossuary  | Entered an ossuary
  4914 | Ossuary  | Reached skill level 5 in Fighting
  4981 | Ossuary  | Reached XP level 7. HP: 54/61 MP: 8/8
  6313 | D:4      | Found Ymoawkag's General Store.
  6332 | D:4      | Bought a scroll of remove curse for 42 gold pieces
  6779 | D:5      | Entered Level 5 of the Dungeon
  6786 | D:4      | Reached XP level 8. HP: 65/70 MP: 10/10
  7838 | D:5      | Found a hide-covered altar of Uskayaw.
  8183 | D:5      | Found a staircase to the Ecumenical Temple.
  8259 | Temple   | Entered the Ecumenical Temple
  8266 | Temple   | Became a worshipper of Qazlal Stormbringer
  8377 | D:6      | Found a stormy altar of Qazlal.
  9539 | D:7      | Reached XP level 9. HP: 75/75 MP: 12/12
  9659 | D:7      | Found Ryzidd's Magic Scroll Shoppe.
  9728 | D:7      | Reached * piety under Qazlal
  9728 | D:7      | Reached skill level 5 in Dodging
 10006 | D:7      | Reached skill level 1 in Invocations
 10117 | D:7      | Reached skill level 10 in Unarmed Combat
 10714 | D:8      | Found a sacrificial altar of Ru.
 10844 | D:8      | Noticed a queen bee
 10853 | D:8      | Reached ** piety under Qazlal
 10859 | D:8      | Noticed a two-headed ogre
 10860 | D:8      | Noticed Joseph
 10868 | D:8      | Reached skill level 1 in Evocations
 10869 | D:8      | Killed a queen bee
 10880 | D:8      | Killed Joseph
 10880 | D:8      | Reached XP level 10. HP: 68/83 MP: 13/13
 10882 | D:8      | Killed a two-headed ogre
 10882 | D:8      | Reached skill level 5 in Evocations
 11247 | D:8      | Found a viscous altar of Jiyva.
 11268 | D:8      | Noticed a two-headed ogre
 11515 | D:8      | Killed a two-headed ogre
 11561 | D:8      | Found a runed translucent gate.
 11561 | D:8      | Found a runed translucent gate.
 11561 | D:8      | Found a runed translucent gate.
 11566 | D:8      | Noticed soark's ghost (novice DsFi)
 11918 | D:9      | Reached skill level 5 in Invocations
 12027 | D:9      | Found a sparkling altar of Nemelex Xobeh.
 12173 | D:9      | You fall into a shaft and drop 2 floors!
 12219 | D:11     | Noticed Grum
 12231 | D:11     | Killed Grum
 12257 | D:11     | Reached *** piety under Qazlal
 12430 | D:11     | Noticed a four-headed hydra
 12448 | D:11     | Noticed a cyclops
 12449 | D:11     | Killed an unseen horror
 12464 | D:11     | Killed a cyclops
 12592 | D:11     | Reached XP level 11. HP: 75/89 MP: 15/15
 12914 | D:11     | Killed a four-headed hydra
 13177 | D:10     | Entered Level 10 of the Dungeon
 13882 | D:9      | Reached skill level 5 in Transmutations
 14071 | D:9      | Reached **** piety under Qazlal
 15398 | D:9      | Got a pitted chain mail
 15833 | D:10     | Learned a level 5 spell: Blade Hands
 15866 | D:10     | Found a staircase to the Lair.
 16382 | D:10     | Identified a scroll of acquirement
 16406 | D:10     | Identified the +5 chain mail "Mauttuc" {Int+4} (You found
                  | it on level 9 of the Dungeon)
 16880 | Lair:1   | Entered Level 1 of the Lair of Beasts
 16895 | Lair:1   | Reached ***** piety under Qazlal
 17060 | Lair:1   | Noticed a seven-headed hydra
 17071 | Lair:1   | Killed a seven-headed hydra
 17179 | Lair:1   | Reached XP level 12. HP: 67/96 MP: 17/17
 17180 | Lair:1   | p0werm0de: oO
 19007 | Lair:2   | Found a staircase to the Shoals.
 19035 | Lair:2   | Learned a level 6 spell: Statue Form
 20254 | Lair:3   | Noticed Gastronok
 20263 | Lair:3   | p0werm0de: upheaval yaaar
 20458 | Lair:3   | p0werm0de: cmon +2hat of Sinv
 20577 | Lair:3   | Found a hole to the Spider Nest.
 20692 | Lair:3   | Killed Gastronok
 21253 | Lair:4   | Reached XP level 13. HP: 101/113 MP: 18/18
 21328 | Lair:4   | Found a shimmering altar of Xom.
 21401 | Lair:4   | Reached skill level 10 in Fighting
 21438 | Lair:4   | Reached skill level 10 in Dodging
 21786 | Lair:4   | You fall into a shaft and drop 1 floor!
 21786 | Lair:5   | Found a viscous altar of Jiyva.
 21786 | Lair:5   | Found a staircase to the Slime Pits.
 22149 | Lair:4   | Found a hazy altar of Hepliaklqana.
 22896 | Lair:5   | Noticed a dire elephant
 22941 | Lair:4   | Killed a dire elephant
 23741 | Lair:6   | Entered Level 6 of the Lair of Beasts
 26171 | Lair:6   | Reached XP level 14. HP: 126/126 MP: 19/19
 28543 | D:9      | Found a staircase to the Orcish Mines.
 29011 | D:11     | Reached skill level 15 in Unarmed Combat
 29127 | D:12     | Identified the +4 great mace of Urgency {holy, +Rage rPois
                  | rC- Str+9 Int-3}
 29127 | D:12     | Identified the +5 great mace of Disintegration {elec, MR+
                  | Str+4}
 29128 | D:12     | Identified the +7 broad axe of the Tomato {drain, Int+3}
 29134 | D:12     | Noticed Gejolu's ghost (journeyman GnSk)
 29276 | D:12     | Found Yloull's Antique Weapon Shoppe.
 29814 | D:12     | Found a transporter.
 29824 | D:12     | Found a transporter.
 29829 | D:12     | Found a bloodstained altar of Trog.
 30339 | D:13     | Reached skill level 5 in Spellcasting
 30776 | D:13     | Found a frozen archway.
 30801 | IceCv    | Entered an ice cave
 31421 | IceCv    | Got a sparkling graven amulet
 31856 | D:13     | Reached ****** piety under Qazlal
 32404 | D:14     | Found a gate to the Vaults.
 32404 | D:14     | Noticed Rupert
 32404 | D:14     | Noticed Nessos
 32727 | D:14     | Reached XP level 15. HP: 132/132 MP: 23/23
 33049 | D:14     | Reached skill level 10 in Transmutations
 33201 | D:14     | Killed Nessos
 33205 | D:14     | Found a white marble altar of Elyvilon.
 33240 | D:14     | Killed Rupert
 33515 | D:14     | Got a bronze ring mail
 33558 | D:14     | Identified the +5 ring mail of Ocsarphia {-Cast MP+9 Str+2}
                  | (You found it on level 14 of the Dungeon)
 34022 | D:15     | Entered Level 15 of the Dungeon
 34039 | D:15     | Noticed Jorgrun
 34166 | Orc:1    | Entered Level 1 of the Orcish Mines
 34387 | Orc:1    | meem: I'm meem, an infobot run by MalcolmRoseGaming: Type
                  | !submeem to keep me in your games; !nomeem to shut me up
                  | forever; !meem for help; !whymeem if you want to know why
                  | meem exists. Visit http://youtube.com/malcolmrosegaming for
                  | more DCSS content.
 34394 | Orc:2    | Entered Level 2 of the Orcish Mines
 34395 | Orc:2    | Noticed an orc warlord
 35151 | Orc:1    | Killed an orc warlord
 35964 | Orc:1    | Found Ohaxtuv's Armour Shoppe.
 36007 | Orc:1    | Bought the +4 pair of gloves of Tomorrow {rC+} for 577 gold
                  | pieces
 36170 | Orc:2    | Found Viklat's Armour Shoppe.
 36178 | Orc:2    | Bought the +3 large shield "Segrelast" {rC+ MP+9 Str+2} for
                  | 849 gold pieces
 36232 | Orc:2    | Found a staircase to the Elven Halls.
 36253 | Orc:2    | Reached skill level 1 in Shields
 36328 | Orc:2    | Noticed an orc warlord
 36543 | Orc:1    | Killed an orc warlord
 36770 | Orc:1    | Reached skill level 5 in Shields
 36782 | Orc:1    | Paralysed by an orc sorcerer for 5 turns
 37584 | Orc:2    | Found Copem's General Store.
 37585 | Orc:2    | Found Funnaq's Book Boutique.
 37586 | Orc:2    | Found Toyvediu's Antique Armour Boutique.
 37586 | Orc:2    | Found Diramnoa's Antique Weapon Shop.
 37590 | Orc:2    | Bought a pair of glowing boots for 262 gold pieces
 37621 | Orc:2    | Bought a spiked leather armour for 245 gold pieces
 37621 | Orc:2    | Bought a crude hat for 315 gold pieces
 37621 | Orc:2    | Bought a shimmering leather armour for 245 gold pieces
 37631 | Orc:2    | Identified the cursed +0 hat of Luka {rC+ Str+10 Int+4
                  | Stlth-} (You bought it in a shop on level 2 of the Orcish
                  | Mines)
 37641 | Orc:2    | Identified the +1 leather armour of Love and Death {Dex+3}
                  | (You bought it in a shop on level 2 of the Orcish Mines)
 37653 | Orc:2    | Identified the +2 leather armour of the Desert {*Slow rC+
                  | rN+ MR+++} (You bought it in a shop on level 2 of the
                  | Orcish Mines)
 37828 | Orc:2    | Found a runed translucent door.
 38011 | D:8      | Killed soark's ghost
 38154 | D:12     | Killed Gejolu's ghost
 38694 | Orc:2    | Found a roughly hewn altar of Beogh.
 38889 | Spider:1 | Entered Level 1 of the Spider Nest
 38924 | Lair:3   | Reached XP level 16. HP: 92/139 MP: 24/24
 39422 | Spider:1 | Reached skill level 10 in Shields
 39445 | Spider:1 | Noticed Agnes
 39457 | Spider:1 | Killed Agnes
 39894 | Spider:1 | Identified the amulet "Amumarum" {Faith rElec Dex+4 Stlth+}
                  | (You found it in an ice cave)
 40147 | Spider:1 | Noticed Roxanne
 42497 | Spider:3 | Reached skill level 15 in Shields
 42742 | Spider:3 | Learned a level 2 spell: Blink
 43081 | Spider:3 | Learned a level 4 spell: Summon Lightning Spire
 43166 | Spider:4 | Entered Level 4 of the Spider Nest
 43596 | Spider:4 | Reached XP level 17. HP: 149/150 MP: 25/25
 43843 | Spider:4 | Noticed Arachne
 43871 | Spider:4 | Killed Arachne
 44278 | Spider:4 | Reached skill level 15 in Fighting
 44746 | Spider:3 | Reached skill level 1 in Summonings
 44746 | Spider:3 | Reached skill level 1 in Air Magic
 45517 | Spider:4 | Got a gossamer rune of Zot
 45689 | Shoals:1 | Entered Level 1 of the Shoals
 45697 | Shoals:1 | Noticed Donald
 45701 | Shoals:1 | Noticed Kirke
 46115 | Lair:2   | Killed Kirke
 46158 | Lair:2   | Killed Donald
 46345 | Shoals:1 | Noticed Nikola
 46363 | Shoals:1 | Killed Nikola
 48691 | Shoals:2 | Found a burning altar of Makhleb.
 49348 | Shoals:3 | Reached XP level 18. HP: 109/163 MP: 26/26
 50272 | Shoals:4 | Entered Level 4 of the Shoals
 50278 | Shoals:4 | Reached skill level 10 in Invocations
 50583 | Shoals:4 | Found Eukis's Eclectic Emporium.
 51406 | Shoals:4 | Bought a potion of experience for 900 gold pieces
 51406 | Shoals:4 | Reached XP level 19. HP: 170/170 MP: 27/27
 52148 | Shoals:4 | Identified Uwoet's Tome of Excruciating Transmutation
 52351 | Shoals:4 | Got a barnacled rune of Zot
 53102 | D:15     | Killed Jorgrun
 53167 | D:15     | Found a staircase to the Depths.
 53640 | D:15     | Reached skill level 15 in Invocations
 53990 | Elf:1    | Entered Level 1 of the Elven Halls
 54316 | Elf:1    | Reached XP level 20. HP: 178/178 MP: 30/30
 54610 | Elf:1    | Noticed Louise
 54625 | Elf:1    | Noticed Azrael
 54626 | Elf:1    | Killed Louise
 54645 | Elf:1    | Killed Azrael
 54727 | Elf:1    | Found Qawome's Antique Weapon Emporium.
 55453 | Elf:2    | Found a huge runed translucent gate.
 55453 | Elf:2    | Found a huge runed translucent gate.
 55453 | Elf:2    | Found a huge runed translucent gate.
 55453 | Elf:2    | Found a huge runed translucent gate.
 55454 | Elf:2    | Found a huge runed translucent gate.
 55592 | Elf:2    | Found Ibyocapp's Distillery.
 55909 | Elf:2    | Bought a potion of heal wounds for 70 gold pieces
 55909 | Elf:2    | Bought a potion of curing for 42 gold pieces
 55909 | Elf:2    | Bought a potion of curing for 42 gold pieces
 55909 | Elf:2    | Bought a potion of might for 56 gold pieces
 55909 | Elf:2    | Bought a potion of agility for 56 gold pieces
 56138 | Elf:2    | Found Qyommo's Distillery.
 56164 | Elf:2    | Bought a potion of curing for 51 gold pieces
 56164 | Elf:2    | Bought a potion of curing for 51 gold pieces
 56164 | Elf:2    | Bought a potion of agility for 68 gold pieces
 56164 | Elf:2    | Bought a potion of haste for 170 gold pieces
 56345 | Elf:3    | Entered Level 3 of the Elven Halls
 56595 | Elf:3    | Found Quschio's General Store.
 57875 | Elf:3    | Identified the +9 falchion of Disharmony {antimagic, rN+
                  | Int+6}
 57875 | Elf:3    | Identified the +3 buckler of the Okapi {Dex+3}
 57990 | Elf:3    | Identified the +10 great sword "Nadosk" {flame, MP+9 Str+2}
 58512 | Vaults:1 | Entered Level 1 of the Vaults
 58840 | Vaults:1 | Reached skill level 15 in Dodging
 58949 | Vaults:1 | Reached XP level 21. HP: 184/184 MP: 31/31
 59193 | Vaults:1 | Found Lontucs Vilu's Food Boutique.
 59669 | Vaults:1 | Found a runed translucent gate.
 59669 | Vaults:1 | Found a runed translucent gate.
 59669 | Vaults:1 | Found a runed translucent gate.
 59900 | Vaults:1 | Found a bloodstained altar of Trog.
 60434 | Vaults:2 | Found a staircase to the Crypt.
 60434 | Vaults:2 | Found an ancient bone altar of Kikubaaqudgha.
 60435 | Vaults:2 | Found a basalt altar of Yredelemnul.
 60678 | Vaults:2 | Found Gumaipn's Magic Scroll Shoppe.
 61226 | Vaults:2 | Found Ryoxkinog's General Store.
 61451 | Vaults:2 | Found Mayskoez's General Store.
 61456 | Vaults:2 | Bought 2 potions of might for 152 gold pieces
 61456 | Vaults:2 | Bought a potion of curing for 57 gold pieces
 61456 | Vaults:2 | Bought a scroll of teleportation for 57 gold pieces
 62195 | Vaults:3 | Noticed Mara
 62205 | Vaults:3 | Noticed bmfx's illusion
 62217 | Vaults:3 | Killed Mara
 62884 | Vaults:3 | Noticed Frederick
 62909 | Vaults:3 | Killed Frederick
 62922 | Vaults:3 | Noticed Sojobo
 62975 | Vaults:3 | Killed Sojobo
 62975 | Vaults:3 | Reached XP level 22. HP: 76/192 MP: 33/33
 64269 | Vaults:4 | Found Darik's Assorted Antiques.
 64416 | Vaults:4 | Found Itebloxt's Food Shoppe.
 64423 | Vaults:4 | Found Wiclutin's Antique Armour Shop.
 64636 | Vaults:4 | Found Zupsez's Distillery.
 64644 | Vaults:4 | Bought a potion of heal wounds for 50 gold pieces
 64644 | Vaults:4 | Bought a potion of heal wounds for 50 gold pieces
 64644 | Vaults:4 | Bought a potion of haste for 100 gold pieces
 64644 | Vaults:4 | Bought a potion of might for 40 gold pieces
 64644 | Vaults:4 | Bought a potion of agility for 40 gold pieces
 64644 | Vaults:4 | Bought a potion of curing for 30 gold pieces
 64644 | Vaults:4 | Bought a potion of curing for 30 gold pieces
 64644 | Vaults:4 | Bought a potion of curing for 30 gold pieces
 64877 | Vaults:4 | Found Vaniot's Antique Weapon Shoppe.
 65418 | Vaults:4 | Got a transparent plate armour
 65570 | Vaults:4 | Identified the +5 plate armour of Koarojeph {rN+ Regen+
                  | Dex+4} (You found it on level 4 of the Vaults)
 65950 | Depths:1 | Entered Level 1 of the Depths
 66679 | Depths:1 | Reached skill level 1 in Armour
 66915 | Depths:1 | Found a gateway to Hell.
 66961 | Depths:1 | Found a one-way gate to the infinite horrors of the Abyss.
 67052 | Depths:1 | Found a portal to a secret trove of treasure.
 67117 | Depths:1 | Found the +8 Wrath of Trog {antimagic, *Rage}
 67444 | Depths:2 | Reached skill level 5 in Armour
 67539 | Depths:2 | Reached XP level 23. HP: 193/209 MP: 35/35
 67602 | Depths:2 | Found Jopsom's Magic Scroll Emporium.
 67694 | Depths:2 | Found a glowing golden altar of the Shining One.
 67755 | Depths:2 | Found a runed translucent door.
 67903 | Depths:2 | Identified the ring of Qiycrin {+Blink rElec rPois rF++
                  | rC-} (You found it on level 2 of the Depths)
 68024 | Depths:2 | Found a glowing silver altar of Zin.
 68403 | Depths:2 | Reached skill level 10 in Armour
 68523 | Depths:3 | Found a one-way gate leading to the halls of Pandemonium.
 68644 | Depths:3 | Identified the ring "Fene" {rC+ MP+9 Slay+3} (You found it
                  | on level 3 of the Depths)
 68837 | Depths:3 | Found a runed translucent door.
 68837 | Depths:3 | Noticed Kiusil's ghost (veteran MfSk)
 68957 | Depths:3 | Reached skill level 1 in Earth Magic
 69227 | Depths:3 | Found the +9 heavy crossbow "Sniper" {velocity, Acc+∞ SInv}
 69491 | Depths:3 | Killed Kiusil's ghost
 69676 | Depths:3 | Got a pitted jade amulet
 69679 | Depths:3 | Identified the amulet of Cougrec {Faith *Slow rPois rC-
                  | Dex+8} (You found it on level 3 of the Depths)
 69680 | Depths:3 | Identified the cursed +0 chain mail of Cuceerr {Int+4} (You
                  | found it on level 3 of the Depths)
 69925 | Depths:4 | Found a transporter.
 70255 | Depths:4 | You fall into a shaft and drop 1 floor!
 70255 | Depths:5 | Entered Level 5 of the Depths
 70289 | Depths:5 | Noticed a juggernaut
 70302 | Depths:5 | Killed a juggernaut
 70489 | Depths:5 | Identified the cursed +0 pair of gloves of Kleptomania
                  | {rPois rC+ Dex+4} (You found it on level 5 of the Depths)
 70551 | Depths:4 | Found Viphaa's Distillery.
 70554 | Depths:4 | Bought a potion of agility for 64 gold pieces
 70554 | Depths:4 | Bought a potion of curing for 48 gold pieces
 70554 | Depths:4 | Bought a potion of agility for 64 gold pieces
 70554 | Depths:4 | Bought a potion of curing for 48 gold pieces
 70554 | Depths:4 | Bought a potion of haste for 160 gold pieces
 70554 | Depths:4 | Bought a potion of might for 64 gold pieces
 70554 | Depths:4 | Bought a potion of haste for 160 gold pieces
 70554 | Depths:4 | Bought a potion of haste for 160 gold pieces
 70797 | Depths:4 | Noticed a juggernaut
 70816 | Depths:4 | Found Qygi's Gadget Shop.
 70819 | Depths:4 | Found Avateliph's Jewellery Shoppe.
 70819 | Depths:4 | Found Cukhlo's Jewellery Shoppe.
 70832 | Depths:4 | Bought a wand of acid (6) for 320 gold pieces
 70928 | Depths:5 | Found a gateway to a ziggurat.
 70952 | Depths:4 | Reached skill level 15 in Armour
 71067 | Depths:5 | Found a gate to the Realm of Zot.
 71774 | Depths:5 | Found Bamoyteala's Distillery.
 71777 | Depths:5 | Found Godi's Armour Shoppe.
 71777 | Depths:5 | Found Figiufo's Weapon Emporium.
 71782 | Depths:5 | Bought a potion of heal wounds for 105 gold pieces
 71782 | Depths:5 | Bought a potion of heal wounds for 105 gold pieces
 71782 | Depths:5 | Bought a potion of heal wounds for 105 gold pieces
 71782 | Depths:5 | Bought a potion of haste for 210 gold pieces
 71782 | Depths:5 | Bought a potion of might for 84 gold pieces
 71782 | Depths:5 | Bought 2 potions of agility for 168 gold pieces
 71782 | Depths:5 | Found Xokoruw's Antique Weapon Shoppe.
 71798 | Depths:5 | Bought a potion of curing for 63 gold pieces
 71798 | Depths:5 | Bought a potion of curing for 63 gold pieces
 71798 | Depths:5 | Bought a potion of curing for 63 gold pieces
 71798 | Depths:5 | Bought a potion of curing for 63 gold pieces
 72072 | Crypt:1  | Entered Level 1 of the Crypt
 72100 | Crypt:1  | Reached XP level 24. HP: 216/216 MP: 35/35
 73826 | Vaults:5 | Entered Level 5 of the Vaults
 73826 | Vaults:5 | Noticed Margery
 73829 | Vaults:5 | Identified the +10 morningstar "Azozuaroj" {flame, Str-4
                  | Dex+6}
 73847 | Vaults:4 | Killed Margery
 74023 | Vaults:5 | Noticed Bai Suzhen
 74031 | Vaults:5 | Identified the +5 morningstar of Miohol {crush, +Fly}
 74045 | Vaults:5 | Noticed an ancient lich
 74050 | Vaults:5 | Killed an ancient lich
 74120 | Vaults:5 | Killed Bai Suzhen
 74167 | Vaults:5 | Found Xaddis's Jewellery Shop.
 74771 | Vaults:5 | Reached XP level 25. HP: 175/224 MP: 35/35
 74997 | Vaults:5 | Identified the cursed +0 chain mail of Misanthropy {rC-
                  | Int+5}
 75379 | Vaults:5 | Got a silver rune of Zot
 76013 | Vaults:5 | Identified the cursed +0 chain mail of the Thinker {+Inv
                  | rPois MR+ Dex-3} (You found it on level 5 of the Vaults)
 76431 | Vaults:5 | Bought the ring of Lucidity {rC+ Str-3 Int+3 Slay+3 SInv}
                  | for 884 gold pieces
 76927 | D:4      | Bought a scroll of enchant armour for 105 gold pieces
 77155 | Shoals:4 | Bought a scroll of enchant armour for 135 gold pieces
 77356 | Depths:1 | You paid a toll of +4 ice dragon scales to enter a treasure
                  | trove
 77357 | Trove    | Entered a treasure trove
 77369 | Trove    | Got a brightly glowing brass amulet
 77370 | Trove    | Identified the amulet "Peet" {RegenMP Str+5 SInv} (You
                  | found it in a treasure trove)
 77378 | Trove    | Got a twitching lead amulet
 77379 | Trove    | Identified the amulet "Tynigyt" {Harm *Drain rF++} (You
                  | found it in a treasure trove)
 77393 | Trove    | Got a steaming tin ring
 77394 | Trove    | Identified the ring "Byheloon" {rElec rPois MR+ Int+9
                  | Dex-2} (You found it in a treasure trove)
 77636 | Orc:2    | Bought a fine chain mail for 332 gold pieces
 77646 | Orc:2    | Identified the +2 chain mail of Loss {+Fly} (You bought it
                  | in a shop on level 2 of the Orcish Mines)
 78291 | Zot:1    | Entered Level 1 of the Realm of Zot
 78646 | Zot:1    | Noticed an orb of fire
 78659 | Zot:1    | Gained mutation: Your spells are a little easier to cast,
                  | but a little less powerful. [an orb of fire]
 78661 | Zot:1    | Killed an orb of fire
 79055 | Zot:1    | You fall into a shaft and drop 1 floor!
 80020 | Zot:2    | Identified the +5 whip "Lupreoz" {slash, Dex+3}
 80075 | Zot:2    | Reached XP level 26. HP: 232/232 MP: 35/35
 80706 | Zot:2    | You fall into a shaft and drop 2 floors!
 81016 | Zot:3    | Noticed an orb of fire
 81022 | Zot:3    | Gained mutation: Scrolls take you a little longer to read.
                  | [an orb of fire]
 81031 | Zot:3    | Killed an orb of fire
 82161 | Depths:2 | Bought a scroll of teleportation for 60 gold pieces
 82321 | Vaults:2 | Bought a scroll of teleportation for 45 gold pieces
 82321 | Vaults:2 | Bought a scroll of teleportation for 45 gold pieces
 83442 | Zot:4    | Reached XP level 27. HP: 238/238 MP: 35/35
 85185 | Zot:5    | Entered Level 5 of the Realm of Zot
 85819 | Zot:5    | Noticed an ancient lich
 85835 | Zot:5    | Killed an ancient lich
 85853 | Zot:5    | Noticed an ancient lich
 85855 | Zot:5    | Noticed an ancient lich
 85857 | Zot:5    | Noticed an ancient lich
 85859 | Zot:5    | Noticed an orb of fire
 85866 | Zot:5    | Killed an ancient lich
 85881 | Zot:5    | Killed an ancient lich
 85885 | Zot:5    | Killed an ancient lich
 85888 | Zot:5    | Gained mutation: You are robust. (+10% HP) [an orb of fire]
 85904 | Zot:5    | Killed an orb of fire
 85970 | Zot:5    | Noticed an ancient lich
 85971 | Zot:5    | Noticed an orb of fire
 85973 | Zot:5    | Noticed an ancient lich
 85977 | Zot:5    | Gained mutation: You occasionally shout uncontrollably at
                  | your foes. [an orb of fire]
 85986 | Zot:5    | Paralysed by an ancient lich for 3 turns
 86002 | Zot:5    | Killed an orb of fire
 86011 | Zot:5    | Killed an ancient lich
 86031 | Zot:5    | Killed an ancient lich
 86201 | Zot:5    | Noticed an ancient lich
 86217 | Zot:5    | Killed an ancient lich
 86280 | Zot:5    | Noticed an orb of fire
 86290 | Zot:5    | Noticed an ancient lich
 86297 | Zot:5    | Gained mutation: You are somewhat resistant to further
                  | mutation. [an orb of fire]
 86300 | Zot:5    | Noticed an ancient lich
 86301 | Zot:5    | Killed an orb of fire
 86311 | Zot:5    | Killed an ancient lich
 86321 | Zot:5    | Killed an ancient lich
 86353 | Zot:5    | Noticed an ancient lich
 86366 | Zot:5    | Killed an ancient lich
 86369 | Zot:5    | Noticed an ancient lich
 86375 | Zot:5    | Killed an ancient lich
 86380 | Zot:5    | Noticed an ancient lich
 86397 | Zot:5    | Killed an ancient lich
 86683 | Zot:5    | Identified the amulet "Tarufota" {Faith rElec rN++ Dex-3}
                  | (You found it on level 5 of the Realm of Zot)
 88231 | Zot:5    | Got the Orb of Zot
 88412 | Zot:1    | Noticed Ijid Jet the pandemonium lord
 88430 | Zot:1    | Killed Ijid Jet the pandemonium lord
 88795 | D:$      | Escaped with the Orb!
